 Dungeon Crawl Stone Soup version 0.27.0-1-g7a089689b8 (webtiles) character file.

Game seed: 5935781161364176572

198 Brandom the Chopper (level 5, 0/70 HPs)
             Began as a Hill Orc Abyssal Knight on Aug 9, 2021.
             Was a Follower of Lugonu.
             Succumbed to an orc wizard's poison
             ... on level 4 of the Dungeon.
             The game lasted 00:05:04 (3503 turns).

Brandom the Chopper (Hill Orc Abyssal Knight)       Turns: 3503, Time: 00:05:05

Health: 0/70       AC:  7    Str: 16    XL:     5   Next: 76%
Magic:  7/7        EV: 11    Int: 12    God:    Lugonu [*.....]
Gold:   126        SH:  0    Dex: 10    Spells: 4/4 levels left

rFire    . . .     SeeInvis .   a - +1 hand axe
rCold    . . .     Faith    .   (no shield)
rNeg     . . .     Spirit   .   k - +0 ring mail
rPois    .         Reflect  .   (no helmet)
rElec    .         Harm     .   n - +0 cloak
rCorr    .         Rampage  .   l - +0 pair of gloves
Will     .....                  (no boots)
Stlth    ..........             (no amulet)
HPRegen  0.21/turn              (no ring)
MPRegen  0.10/turn              (no ring)

@: berserking, lethally poisoned (0 -> -25), very quick
A: no striking features
a: Renounce Religion, Depart the Abyss


You were on level 4 of the Dungeon.
You worshipped Lugonu.
Lugonu was aware of your devotion.
You visited 1 branch of the dungeon, and saw 4 of its levels.
You visited the Abyss 1 time.

You collected 126 gold pieces.

Inventory:

Hand Weapons
 a - a +1 hand axe (weapon)
Missiles
 c - 9 boomerangs (quivered)
Armour
 b - a +0 leather armour
 k - a +0 ring mail (worn)
   (You found it on level 2 of the Dungeon)
 l - a +0 pair of gloves (worn)
   (You found it on level 3 of the Dungeon)
 n - a +0 cloak (worn)
   (You found it on level 4 of the Dungeon)
Jewellery
 d - a +6 ring of intelligence
   (You found it on level 1 of the Dungeon)
Wands
 x - a wand of acid (6)
   (You found it on level 3 of the Dungeon)
Scrolls
 f - a scroll of enchant weapon {unknown}
 i - a scroll of blinking {unknown}
 j - 2 scrolls of teleportation {unknown}
 m - a scroll of identify {unknown}
Potions
 e - a potion of curing {unknown}
 g - a potion of berserk rage
 h - a potion of mutation {unknown}


   Skills:
 + Level 4.5 Fighting
 * Level 5.0 Axes
 + Level 3.1 Armour
 + Level 1.8 Dodging
 + Level 3.7 Invocations


You had 4 spell levels left.
You didn't know any spells.
Your spell library contained the following spells:

 Spells                   Type           Power      Damage    Failure   Level
 Beastly Appendage        Tmut           0%         N/A       52%         1
 Wereblood                Tmut           0%         N/A       67%         2
 Spider Form              Tmut/Pois      0%         N/A       88%         3
 Tukima's Dance           Hex            0%         N/A       88%         3
 Passage of Golubria      Tloc           N/A        N/A       99%         4
 Yara's Violent Unravell  Hex/Tmut       0%         3d3       100%        5


Dungeon Overview and Level Annotations

Branches:
Dungeon (4/15)
 Temple: D:4-7

Altars:
Makhleb
Nemelex Xobeh
Yredelemnul


Message History

You are lethally poisoned!
It was a potion of berserk rage.
A red film seems to cover your vision as you go berserk!
You feel yourself moving faster!
You feel mighty!
You feel extremely sick. The orc wizard barely misses you.
You slash the orc wizard!
You feel very sick.
The orc wizard mumbles some strange words.
The orc wizard flickers and vanishes!
Deactivating autopickup; reactivate with Ctrl-A.
Unknown command.
You barely miss something.
You feel very sick. Something hits you but does no damage.
You are lethally poisoned!
You miss something.
* * * LOW HITPOINT WARNING * * *
You feel very sick. Something completely misses you.
You barely miss something.
* * * LOW HITPOINT WARNING * * *
You feel very sick.
You closely miss something.
* * * LOW HITPOINT WARNING * * *
You feel sick.
You hear some strange, mumbled words.
A puff of flame appears from out of thin air!
The puff of flame misses you.
You barely miss something.
* * * LOW HITPOINT WARNING * * *
You feel very sick.
You hear some strange, mumbled words.
Something tries to affect you, but you resist.
You miss something.
* * * LOW HITPOINT WARNING * * *
You feel very sick.
You closely miss something.
* * * LOW HITPOINT WARNING * * *
You feel sick. Something hits you but does no damage.
You are more poisoned.
You closely miss something.
* * * LOW HITPOINT WARNING * * *
You feel sick. Something hits you.
* * * LOW HITPOINT WARNING * * *
You are more poisoned.
You barely miss something.
You die...

......#.<.).#........#
#################.##.# ####
...........##.###.##.###..#
...........#..............#
...........#..............#
...........#..##..##..##'##
#######....##'############
......'....'...'........
......#....#...'@{...?..
###...#....#####.......#
..#####........#...(..##
..# #........#.....## ..#
#........#....##≈≈ ..#
#........#...##≈≈§ ..#
#####..>.#..## §§# ..#
#....#.##§ ## (.# +....#


There were no monsters in sight!

Vanquished Creatures
  A scorpion (D:3)
  An orc priest (D:3)
  An orc wizard (D:3)
  3 adders
  2 worms
  A dart slug (D:4)
  4 orcs
  3 ball pythons
  7 endoplasms
  5 giant cockroaches
  3 goblins
  2 hobgoblins
  2 jackals
  A bat (D:2)
  2 frilled lizards
  4 kobolds
  5 rats
47 creatures vanquished.

Notes
Turn   | Place    | Note
-------+----------+-------------------------------------------
     0 | Abyss:1  | Brandom the Hill Orc Abyssal Knight began the quest for the
                  | Orb.
     0 | Abyss:1  | Reached XP level 1. HP: 19/19 MP: 2/2
    37 | Abyss:1  | Noticed a ynoxinul
    37 | Abyss:1  | Noticed a bone dragon
    37 | Abyss:1  | Noticed a small abomination
    69 | Abyss:1  | Noticed a wretched star
    70 | D:1      | Escaped the Abyss
   253 | D:1      | Reached skill level 3 in Axes
   256 | D:1      | Reached XP level 2. HP: 27/27 MP: 3/3
   680 | D:1      | Reached skill level 1 in Dodging
   879 | D:1      | Found a faded altar of an unknown god.
   990 | D:2      | Reached * piety under Lugonu
  1392 | D:2      | Found a basalt altar of Yredelemnul.
  1520 | D:2      | Reached XP level 3. HP: 26/33 MP: 5/5
  2320 | D:3      | Reached XP level 4. HP: 40/40 MP: 6/6
  2334 | D:3      | Reached skill level 4 in Axes
  2699 | D:3      | Found a sparkling altar of Nemelex Xobeh.
  2942 | D:3      | Found a burning altar of Makhleb.
  3150 | D:4      | Noticed a scorpion
  3179 | D:3      | Killed a scorpion
  3180 | D:3      | Reached XP level 5. HP: 22/47 MP: 7/7
  3463 | D:4      | Reached skill level 5 in Axes
  3502 | D:4      | HP: 3/70 [something (4)]
  3503 | D:4      | Succumbed to an orc wizard's poison

Illustrated notes

Levels and vault maps discovered:
D:1:      elethiomel_arrival_shortcut, layout_basic,
          chequers_ecumenical_altar_simple
D:2:      minmay_general_purpose_star, layout_loops_ring, basic_altar
D:3:      layout_rooms, nemelex_spade_bored_becter, lightli_temple_of_fire
D:4:      black_bear_nest_1, layout_gridville, lemuel_crystal_altar,
          minivault_24, kennysheep_opposing_triangles

Skill      XL: |  1  2  3  4  5 |
---------------+----------------+-----
Axes           | 3 4 5 |  5.0
Dodging        | 1 |  1.8
Fighting       | 4 |  4.5
Invocations    | 3 |  3.7
Armour         | 3 |  3.1

Action                   |  1- 3 |  4- 6 || total
-------------------------+-------+-------++-------
Melee: Hand axe          |    93 |    71 ||   164
Throw: Boomerang         |       |     2 ||     2
Invok: Depart the Abyss  |     1 |       ||     1
  Use: Potion            |       |     1 ||     1
Armor: Leather armour    |    16 |       ||    16
       Ring mail         |    16 |    26 ||    42
Dodge: Dodged            |    37 |    26 ||    63
